 Dungeon Crawl Stone Soup version 0.21.0-24-g2553a33 (webtiles) character file.

7754 loralnil the Blocker (level 11, -2/90 HPs)
             Began as a Formicid Fighter on Jan 21, 2018.
             Was an Elder of Yredelemnul.
             Slain by a minotaur
             ... wielding a +4 falchion
              (15 damage)
             ... in a labyrinth on Jan 22, 2018.
             The game lasted 00:18:41 (9936 turns).

loralnil the Blocker (Formicid Fighter)             Turns: 9936, Time: 00:18:42

Health: -2/90      AC: 15    Str: 28    XL:     11   Next: 43%
Magic:  0/11       EV:  7    Int:  9    God:    Yredelemnul [****..]
Gold:   301        SH: 13    Dex: 10    Spells: 10/10 levels left

rFire    . . .     SeeInvis +   v - +2 war axe (drain)
rCold    . . .     Gourm    .   c - +0 shield
rNeg     . . .     Faith    .   u - +0 plate armour
rPois    .         Spirit   +   (helmet unavailable)
rElec    .         Reflect  .   w - scarf {repulsion}
rCorr    +         Harm     .   (no gloves)
MR       ++...                  n - +0 pair of boots
Stlth    ..........             o - amulet of guardian spirit
HPRegen  0.25/turn              e - ring of resist corrosion
MPRegen  0.12/turn              (no ring)

@: mighty, repel missiles
A: permanent stasis, dig shafts and tunnels, four strong arms, antennae 3,
talons 1, blurry vision 1, magic resistance 1
a: Dig, Shaft Self, Recall Undead Slaves, Injury Mirror, Animate Dead, Drain
Life, Renounce Religion


You were in a labyrinth.
You worshipped Yredelemnul.
Yredelemnul was greatly pleased with you.
You were not hungry.

You visited 2 branches of the dungeon, and saw 11 of its levels.
You also visited: Labyrinth and Sewer.

You collected 749 gold pieces.
You spent 448 gold pieces at shops.

Inventory:

Hand Weapons
 v - a +2 war axe of draining (weapon)
Armour
 c - a +0 shield (worn)
 n - a +0 pair of boots (worn)
 u - a +0 plate armour (worn)
 w - a scarf of repulsion (worn)
 C - a scarf of resistance
Jewellery
 e - a ring of resist corrosion (left hand)
 o - an amulet of guardian spirit (around neck)
Wands
 a - a wand of iceblast (9)
 p - a wand of acid (21)
Scrolls
 l - 3 scrolls of remove curse
 m - 2 scrolls of fear
 q - 3 scrolls of fog
 x - a scroll of amnesia
 y - a scroll of enchant armour {unknown}
 A - a scroll of torment {unknown}
 B - a scroll of magic mapping {unknown}
Potions
 b - 3 potions of magic
 d - a potion of might
 g - a potion of invisibility
 h - 2 potions of resistance
 j - a potion of lignification
 r - 3 potions of agility
 t - 3 potions of curing
 z - 3 potions of brilliance
Books
 i - a book of Frost

   Spells                             Type                      Level
   a - Freeze                         Ice                          1
   b - Throw Frost                    Conjuration/Ice              2
   c - Ozocubu's Armour               Charms/Ice                   3
   d - Throw Icicle                   Conjuration/Ice              4
   e - Summon Ice Beast               Ice/Summoning                4
 D - a book of Enchantments

   Spells                             Type                      Level
   a - Cause Fear                     Hexes                        4
   b - Yara's Violent Unravelling     Hexes/Transmutation          5
   c - Silence                        Hexes/Air                    5
   d - Deflect Missiles               Charms/Air                   6
   e - Discord                        Hexes                        8
 E - a book of Misfortune

   Spells                             Type                      Level
   a - Confusing Touch                Hexes                        1
   b - Confuse                        Hexes                        3
   c - Gell's Gravitas                Translocation                3
   d - Petrify                        Transmutation/Earth          4
   e - Metabolic Englaciation         Hexes/Ice                    5
   f - Yara's Violent Unravelling     Hexes/Transmutation          5
 G - a book of Changes

   Spells                             Type                      Level
   a - Beastly Appendage              Transmutation                1
   b - Sticks to Snakes               Transmutation                2
   c - Spider Form                    Transmutation/Poison         3
   d - Ice Form                       Ice/Transmutation            4
   e - Blade Hands                    Transmutation                5
Comestibles
 f - 17 rations


   Skills:
 + Level 9.9 Fighting
 + Level 8.8 Axes
 + Level 9.9 Armour
 + Level 10.8 Shields


You had 10 spell levels left.
You didn't know any spells.

Dungeon Overview and Level Annotations

Branches:
Dungeon (11/15)            Temple (1/1) D:4            Lair (0/6) D:8
    Orc: D:9-12

Altars:
Cheibriados
Elyvilon
Gozag
Kikubaaqudgha
Nemelex Xobeh
Okawaru
Qazlal
Sif Muna
Uskayaw
Vehumet
Wu Jian
Xom
Yredelemnul
Zin
The Shining One

Shops:
D:7 [


Innate Abilities, Weirdness & Mutations

You cannot be hasted, slowed, berserked, paralysed or teleported.
You can dig through walls and to a lower floor.
Your four strong arms can wield two-handed weapons with a shield.
You have a pair of large antennae on your head. (SInv)
You have sharp toenails.
Scrolls take you a little longer to read.
You are resistant to hostile enchantments. (MR+)


Message History

The minotaur headbutts you, but does no damage.
The minotaur hits you with an enchanted falchion!
You block the minotaur's attack.
You slash the minotaur!
The minotaur is lightly wounded.
The minotaur hits you with an enchanted falchion!
The minotaur gores you!
* * * LOW HITPOINT WARNING * * *
You feel very mighty all of a sudden.
Okay, then.
You hit the minotaur. You drain the minotaur!
The minotaur is moderately wounded.
The minotaur hits you with an enchanted falchion!
* * * LOW HITPOINT WARNING * * *
The minotaur gores you but does no damage.
You slice the minotaur!!
The minotaur is heavily wounded.
The minotaur hits you with an enchanted falchion!
You die...
Your body rises from the dead as a mindless zombie.

##. . # . ##. .
# # . . ..# . .#
. .. ####### .#
. .. .#≈≈≈≈≈#.##
.. .. ≈≈<≈≈ . #
## ... # .# .
###H### # #
#..@..# #.# #
.###'###....#
#..........####
.....#...#......
.### ###.#
###.## ..# # #.#
#.. #.#


You could see a minotaur.

Vanquished Creatures
  An unseen horror (D:11)
  Maurice (D:9)
  Grinder (D:6)
  A hornet (D:9)
  A hippogriff (D:8)
  11 yaks (D:9)
  A spriggan (D:7)
  A wyvern (D:11)
  A hungry ghost (Lab)
  Edmund (D:6)
  A water moccasin (D:9)
  An orc warrior (D:7)
  A black bear (D:7)
  3 ice beasts
  A phantom (D:3)
  2 ogres
  A necrophage (D:8)
  5 centaurs
  3 big kobolds (D:6)
  Blork the orc (D:5)
  7 bullfrogs
  An earth elemental (Lab)
  A scorpion (D:9)
  4 wights (D:8)
  2 howler monkeys
  An electric eel (D:6)
  5 crimson imps
  A centaur zombie (D:7)
  2 hounds (D:5)
  9 orc priests
  3 jellies
  2 iguanas
  12 orc wizards
  7 worker ants
  A killer bee zombie (D:8)
  2 hound skeletons
  2 worker ant zombies
  18 gnolls
  12 adders
  4 shadow imps
  3 worms
  A dart slug (D:1)
  2 leopard geckos
  38 orcs
  7 ball pythons
  8 bats
  5 giant cockroaches
  27 goblins
  24 hobgoblins
  9 jackals
  4 quokkas
  7 frilled lizards
  15 kobolds
  A leopard gecko zombie (D:5)
  2 quokka skeletons
  5 rats
  3 plants (Sewer)
296 creatures vanquished.

Vanquished Creatures (collateral kills)
  A howler monkey (D:8)
  An iguana (D:8)
  A quokka (D:8)
3 creatures vanquished.

Vanquished Creatures (others)
  A wight (D:9)
  An orc wizard (D:7)
2 creatures vanquished.

Grand Total: 301 creatures vanquished

Notes
Turn   | Place    | Note
-------+----------+-------------------------------------------
     0 | D:1      | loralnil the Formicid Fighter began the quest for the Orb.
     0 | D:1      | Reached XP level 1. HP: 18/18 MP: 1/1
   131 | D:1      | Reached XP level 2. HP: 24/24 MP: 2/2
   740 | D:2      | Reached XP level 3. HP: 29/29 MP: 3/3
   790 | D:2      | Reached skill level 4 in Shields
  1157 | D:2      | Reached XP level 4. HP: 37/37 MP: 4/4
  1647 | D:3      | Found a shimmering altar of Xom.
  1887 | D:3      | Reached XP level 5. HP: 41/42 MP: 5/5
  2068 | D:3      | Reached XP level 6. HP: 48/49 MP: 6/6
  2093 | D:4      | Noticed a phantom
  2109 | D:3      | Reached skill level 5 in Shields
  2301 | D:4      | Noticed an ogre
  2312 | D:3      | Killed a phantom
  2457 | D:4      | Killed an ogre
  2457 | D:4      | Reached skill level 5 in Fighting
  2457 | D:4      | Reached skill level 5 in Armour
  2457 | D:4      | Reached XP level 7. HP: 21/56 MP: 3/7
  2740 | D:4      | Found a staircase to the Ecumenical Temple.
  2751 | Temple   | Entered the Ecumenical Temple
  2780 | Temple   | Became a worshipper of Yredelemnul the Dark
  3316 | D:4      | Reached skill level 6 in Shields
  3490 | D:4      | Reached XP level 8. HP: 34/63 MP: 6/8
  3906 | D:5      | Entered Level 5 of the Dungeon
  3906 | D:5      | Noticed Blork the orc
  3996 | D:5      | Killed Blork the orc
  3996 | D:5      | Reached * piety under Yredelemnul
  4200 | D:5      | Reached skill level 5 in Axes
  4680 | D:5      | Reached skill level 7 in Shields
  5052 | D:6      | Reached XP level 9. HP: 64/71 MP: 7/9
  5194 | D:6      | Found a glowing drain.
  5230 | D:6      | Reached ** piety under Yredelemnul
  5239 | Sewer    | Entered a sewer
  5947 | D:6      | Reached *** piety under Yredelemnul
  6100 | D:6      | Reached skill level 8 in Shields
  6196 | D:6      | Noticed Grinder
  6218 | D:6      | Killed Grinder
  6331 | D:6      | Found a deep blue altar of Sif Muna.
  6589 | D:6      | Noticed Edmund
  6598 | D:6      | Killed Edmund
  7352 | D:7      | Found Miqil's Armour Shoppe.
  7363 | D:7      | Reached XP level 10. HP: 77/80 MP: 10/10
  7366 | D:7      | Bought a scarf of resistance for 448 gold pieces
  7419 | D:7      | Reached skill level 9 in Shields
  7517 | D:7      | Found a deep blue altar of Sif Muna.
  7979 | D:8      | Reached **** piety under Yredelemnul
  8194 | D:8      | Received a gift from Yredelemnul (a wight)
  8410 | D:8      | Found a staircase to the Lair.
  8488 | D:9      | Noticed Maurice
  8516 | D:9      | Killed Maurice
  8538 | D:9      | Gained mutation: Scrolls take you a little longer to read. [potion of mutation]
  8538 | D:9      | Gained mutation: You are resistant to hostile enchantments. (MR+) [potion of mutation]
  8538 | D:9      | Gained mutation: You have sharp toenails. [potion of mutation]
  8579 | D:9      | Found a large runed door.
  8604 | D:9      | Found a large runed door.
  8669 | D:9      | Reached skill level 10 in Shields
  8674 | D:9      | Reached XP level 11. HP: 81/89 MP: 11/11
  9227 | D:9      | Noticed a stone giant
  9237 | D:9      | Noticed an orc knight
  9240 | D:9      | HP: 3/90 [stone giant (20)]
  9244 | D:9      | You fall through a shaft for 2 floors!
  9244 | D:11     | Found a labyrinth entrance.
  9400 | D:11     | Noticed an unseen horror
  9418 | D:11     | Killed an unseen horror
  9560 | Lab      | Entered a labyrinth
  9927 | Lab      | Noticed a minotaur
  9936 | Lab      | Slain by a minotaur

Skill      XL: |  1  2  3  4  5  6  7  8  9 10 |
---------------+-------------------------------+-----
Shields        | 4 5 6 7 8 10 | 10.8
Fighting       | 4 5 6 7 9 |  9.9
Armour         | 4 5 6 7 9 |  9.9
Axes           | 3 4 5 6 8 |  8.8

Action                   |  1- 3 |  4- 6 |  7- 9 | 10-12 || total
-------------------------+-------+-------+-------+-------++-------
Melee: War axe           |    84 |   128 |   519 |   326 ||  1057
 Abil: Dig               |       |       |       |     1 ||     1
       Shaft Self        |       |       |       |     1 ||     1
  Use: Scroll            |     5 |     3 |     6 |     5 ||    19
       Potion            |       |     2 |     3 |     3 ||     8
  Eat: Chunk             |     1 |     4 |    17 |     8 ||    30
       Ration            |       |       |       |     3 ||     3
Armor: Scale mail        |    48 |    28 |       |       ||    76
       Chain mail        |       |    45 |    39 |       ||    84
       Plate armour      |       |       |   200 |   124 ||   324
Dodge: Dodged            |    27 |    40 |   121 |    72 ||   260
       Deflected         |       |       |     9 |     4 ||    13
Block: Shield            |    54 |    72 |   319 |   186 ||   631
